ESL (28 & UNDER)
PENQUANNOCK OVERRATED JETER @ RIO GRANDE RATTLESNAKE
07/25/2025
 
TOP OF THE 1ST
Penquannock Overrated Jeter batting - Pitching for Rio Grande Rattlesnake : RHP Chris Carpenter
Pitching: RHP Chris Carpenter
Batting: LHB Bill McJannett 0-0: Called Strike
0-1: Foul Ball, location: 2F
0-2: Strikes out swinging
Batting: LHB Todd Barnes 0-0: Foul Ball, location: 2F
0-1: Ball
1-1: Ball
2-1: Swinging Strike
2-2: Ball
3-2: Strikes out looking
Batting: RHB Earl Conrad 0-0: Foul Ball, location: 2F
0-1: Called Strike
0-2: Ball
1-2: Fly out, F9 (Flyball, 89M)
Top of the 1st over - 0 run(s), 0 hit(s), 0 error(s), 0 left on base; Penquannock 0 - Rio Grande 0
BOTTOM OF THE 1ST
Rio Grande Rattlesnake batting - Pitching for Penquannock Overrated Jeter : RHP Richard Edwards
Pitching: RHP Richard Edwards
Batting: RHB Juan López 0-0: Swinging Strike
0-1: Ball
1-1: Ball
2-1: Ground out 1-3 (Groundball, 13S)
Batting: RHB Luis Sánchez 0-0: Ball
1-0: Called Strike
1-1: SINGLE (Line Drive, 6M)
Batting: SHB Carlos Reyes 0-0: Ball
Luis Sánchez steals 2nd base
1-0: Ball
2-0: Foul Ball, location: 2F
2-1: Ball
3-1: Swinging Strike
3-2: 2-RUN HOME RUN (Flyball, 9D), Distance : 364 ft
Batting: RHB Gary Thomas 0-0: Swinging Strike
0-1: Called Strike
0-2: Ball
1-2: Ball
2-2: Strikes out looking
Batting: LHB Luis Villa 0-0: Ball
1-0: Reached on error, E4 (Groundball, 4)
Batting: RHB Luis Ibarra 0-0: Ball
Luis Villa is caught stealing 2nd base
Bottom of the 1st over - 2 run(s), 2 hit(s), 1 error(s), 0 left on base; Penquannock 0 - Rio Grande 2
TOP OF THE 2ND
Penquannock Overrated Jeter batting - Pitching for Rio Grande Rattlesnake : RHP Chris Carpenter
Batting: RHB Ignacio Flores 0-0: Ball
1-0: Ball
2-0: Called Strike
2-1: SINGLE (Line Drive, 6D)
Batting: RHB Tim Hanson 0-0: Ball
1-0: Swinging Strike
1-1: Ball
2-1: Fly out, F7 (Popup, 7S)
Batting: SHB Francisco Ávila 0-0: Ball
1-0: Swinging Strike
1-1: Fielders Choice at 2nd, 4-6 (Groundball, 4)
Batting: LHB Tony Green 0-0: Ball
1-0: Ball
2-0: Foul Ball, location: 2F
2-1: Ball
3-1: Base on Balls
Francisco Ávila to second
Batting: RHB Arturo Rodríguez 0-0: Called Strike
0-1: Ball
1-1: Swinging Strike
1-2: Fly out, F9 (Flyball, 9LS)
Top of the 2nd over - 0 run(s), 1 hit(s), 0 error(s), 2 left on base; Penquannock 0 - Rio Grande 2
BOTTOM OF THE 2ND
Rio Grande Rattlesnake batting - Pitching for Penquannock Overrated Jeter : RHP Richard Edwards
Batting: RHB Luis Ibarra 0-0: Ball
1-0: Ball
2-0: Fly out, F9 (Line Drive, 89M)
Batting: RHB Jeff Bane 0-0: Swinging Strike
0-1: Ground out 1-3 (Groundball, 15)
Batting: RHB Maresuke Yoshida 0-0: Ball
1-0: Foul Ball, location: 2F
1-1: Ball
2-1: Ball
3-1: Foul Ball, location: 2F
3-2: Base on Balls
Batting: RHB Liangde Que 0-0: Ball
Maresuke Yoshida steals 2nd base
1-0: Called Strike
1-1: Swinging Strike
1-2: Ground out 6-3 (Groundball, 6)
Bottom of the 2nd over - 0 run(s), 0 hit(s), 0 error(s), 1 left on base; Penquannock 0 - Rio Grande 2
TOP OF THE 3RD
Penquannock Overrated Jeter batting - Pitching for Rio Grande Rattlesnake : RHP Chris Carpenter
Batting: RHB Armando Pagán 0-0: Ball
1-0: Fly out, F9 (Flyball, 89S)
Batting: LHB Bill McJannett 0-0: Swinging Strike
0-1: Called Strike
0-2: Ball
1-2: DOUBLE (Flyball, 78XD)
Batting: LHB Todd Barnes 0-0: Ground out U3 (Groundball, 3S)
Bill McJannett to third
Batting: RHB Earl Conrad 0-0: Ball
1-0: Foul Ball, location: 2F
1-1: Foul Ball, location: 2F
1-2: Foul Ball, location: 2F
1-2: Ground out 3-1 (Groundball, 3)
Top of the 3rd over - 0 run(s), 1 hit(s), 0 error(s), 1 left on base; Penquannock 0 - Rio Grande 2
BOTTOM OF THE 3RD
Rio Grande Rattlesnake batting - Pitching for Penquannock Overrated Jeter : RHP Richard Edwards
Batting: RHB Juan López 0-0: Ball
1-0: Ball
2-0: Swinging Strike
2-1: Ball
3-1: Called Strike
3-2: Fly out, F4 (Popup, 34D)
Batting: RHB Luis Sánchez 0-0: Hit by Pitch
Batting: SHB Carlos Reyes 0-0: Ball
1-0: Fly out, F8 (Popup, 8RS)
Batting: RHB Gary Thomas 0-0: Ball
1-0: Ball
2-0: Ball
3-0: Called Strike
3-1: Base on Balls
Luis Sánchez to second
Batting: LHB Luis Villa 0-0: Called Strike
0-1: Ball
1-1: Ball
2-1: Called Strike
2-2: Strikes out looking
Bottom of the 3rd over - 0 run(s), 0 hit(s), 0 error(s), 2 left on base; Penquannock 0 - Rio Grande 2
TOP OF THE 4TH
Penquannock Overrated Jeter batting - Pitching for Rio Grande Rattlesnake : RHP Chris Carpenter
Batting: RHB Ignacio Flores 0-0: Called Strike
0-1: Ground out 6-3 (Groundball, 56)
Batting: RHB Tim Hanson 0-0: SINGLE (Line Drive, 4MD)
Batting: SHB Francisco Ávila 0-0: Called Strike
Tim Hanson steals 2nd base
0-1: Foul Ball, location: 2F
0-2: Ball
1-2: Ball
2-2: SINGLE (Groundball, 4MD)
Tim Hanson to third
Runner from 3rd tries for Home, SAFE, no throw or cutoff
Batting: LHB Tony Green 0-0: Swinging Strike
0-1: Called Strike
Francisco Ávila steals 2nd base
0-2: Ball
1-2: Ball
2-2: Ball
3-2: Ground out 3-1 (Groundball, 34)
Francisco Ávila to third
Batting: RHB Arturo Rodríguez 0-0: Ball
1-0: Ball
2-0: Called Strike
2-1: 2-RUN HOME RUN (Line Drive, 7D), Distance : 377 ft
Batting: RHB Armando Pagán 0-0: Ball
1-0: Ball
2-0: Called Strike
2-1: Ball
3-1: Swinging Strike
3-2: Strikes out swinging, 2-3 out at first.
Top of the 4th over - 3 run(s), 3 hit(s), 0 error(s), 0 left on base; Penquannock 3 - Rio Grande 2
BOTTOM OF THE 4TH
Rio Grande Rattlesnake batting - Pitching for Penquannock Overrated Jeter : RHP Richard Edwards
Batting: RHB Luis Ibarra 0-0: Called Strike
0-1: Ball
1-1: Foul Ball, location: 2F
1-2: Ball
2-2: SINGLE (Groundball, 56D)
Batting: RHB Jeff Bane 0-0: SINGLE (Groundball, 6MD)
Luis Ibarra to second
Runner from 2nd tries for 3rd, SAFE, throw made to third
Batting: RHB Maresuke Yoshida 0-0: Called Strike
0-1: Ball
1-1: Ball
Jeff Bane is caught stealing 2nd base
2-1: Fly out, F9 (Flyball, 89M)
Runner from 3rd tags up, SCORES, no throw
Batting: RHB Liangde Que 0-0: Ball
1-0: SINGLE (Line Drive, 78S)
Batting: RHB Juan López 0-0: Ball
1-0: Called Strike
1-1: Called Strike
1-2: Strikes out swinging
Bottom of the 4th over - 1 run(s), 3 hit(s), 0 error(s), 1 left on base; Penquannock 3 - Rio Grande 3
TOP OF THE 5TH
Penquannock Overrated Jeter batting - Pitching for Rio Grande Rattlesnake : RHP Chris Carpenter
Batting: LHB Bill McJannett 0-0: Ball
1-0: Ball
2-0: Ball
3-0: Base on Balls
Batting: LHB Todd Barnes 0-0: Ground out 3-1 (Groundball, 34)
Bill McJannett to second
Batting: RHB Earl Conrad 0-0: Ground out 6-3 (Groundball, 6M)
Bill McJannett to third
Batting: RHB Ignacio Flores 0-0: Ball
1-0: Ball
2-0: Swinging Strike
2-1: SINGLE (Groundball, 4MD)
Bill McJannett scores
Batting: RHB Tim Hanson 0-0: Ball
1-0: Called Strike
1-1: Foul Ball, location: 2F
1-2: Fly out, F8 (Flyball, 78M)
Top of the 5th over - 1 run(s), 1 hit(s), 0 error(s), 1 left on base; Penquannock 4 - Rio Grande 3
BOTTOM OF THE 5TH
Rio Grande Rattlesnake batting - Pitching for Penquannock Overrated Jeter : RHP Richard Edwards
Batting: RHB Luis Sánchez 0-0: Ball
1-0: Fly out, F4 (Popup, 3D)
Batting: SHB Carlos Reyes 0-0: Ball
1-0: Ball
2-0: Called Strike
2-1: DOUBLE (Flyball, 9LD)
Pitching: RHP Dave Nelson
Batting: RHB Gary Thomas 0-0: Ball
1-0: Ball
2-0: Ball
3-0: Called Strike
3-1: Base on Balls
Batting: LHB Luis Villa 0-0: Ball
1-0: Ball
2-0: Called Strike
2-1: Ball
3-1: SINGLE (Groundball, 34D) (infield hit)
Carlos Reyes to third
Gary Thomas to second
Batting: RHB Luis Ibarra 0-0: Called Strike
0-1: Ball
1-1: Foul Ball, location: 2F
1-2: Foul Ball, location: 2F
1-2: Ball
2-2: SINGLE (Groundball, 4MD)
Carlos Reyes scores
Gary Thomas to third
Luis Villa to second
Runner from 3rd tries for Home, SAFE, throw made home
Luis Villa to third
Luis Ibarra to second
Batting: RHB Jeff Bane 0-0: Called Strike
0-1: TRIPLE (Line Drive, 89M)
Luis Villa scores
Luis Ibarra scores
Batting: RHB Maresuke Yoshida 0-0: Swinging Strike
0-1: Foul Ball, location: 2F
0-2: SINGLE (Flyball, 9LS)
Jeff Bane scores
Batting: RHB Liangde Que 0-0: Ball
1-0: Called Strike
1-1: Ball
2-1: Called Strike
2-2: Foul Ball, location: 2F
2-2: Ball
Maresuke Yoshida steals 2nd base
3-2: DOUBLE (Flyball, 8LXD)
Maresuke Yoshida scores
Batting: RHB Juan López 0-0: Foul Ball, location: 2F
0-1: Ball
1-1: Foul Ball, location: 2F
1-2: Ball
2-2: Strikes out swinging
Batting: RHB Luis Sánchez 0-0: Called Strike
0-1: Ball
1-1: Fly out, F7 (Flyball, 7M)
Bottom of the 5th over - 6 run(s), 6 hit(s), 0 error(s), 1 left on base; Penquannock 4 - Rio Grande 9
TOP OF THE 6TH
Penquannock Overrated Jeter batting - Pitching for Rio Grande Rattlesnake : RHP Chris Carpenter
Batting: SHB Francisco Ávila 0-0: Fly out, F7 (Flyball, 78M)
Batting: LHB Tony Green 0-0: Ball
1-0: Ball
2-0: Foul Ball, location: 2F
2-1: Ball
3-1: Ground out 1-3 (Groundball, 13)
Batting: RHB Arturo Rodríguez 0-0: Fly out, F9 (Flyball, 89M)
Top of the 6th over - 0 run(s), 0 hit(s), 0 error(s), 0 left on base; Penquannock 4 - Rio Grande 9
BOTTOM OF THE 6TH
Rio Grande Rattlesnake batting - Pitching for Penquannock Overrated Jeter : RHP Dave Nelson
Batting: SHB Carlos Reyes 0-0: Ball
1-0: Ball
2-0: Called Strike
2-1: Foul Ball, location: 2F
2-2: SINGLE (Groundball, 6MD) (infield hit)
Batting: RHB Gary Thomas 0-0: Called Strike
0-1: Ball
1-1: Called Strike
1-2: Ball
2-2: Ball
3-2: Base on Balls
Carlos Reyes to second
Pitching: RHP Santiago González
Batting: LHB Luis Villa 0-0: Ball
1-0: Ball
2-0: Ball
3-0: Called Strike
3-1: Base on Balls
Carlos Reyes to third
Gary Thomas to second
Batting: RHB Luis Ibarra 0-0: Called Strike
0-1: Ball
1-1: Foul Ball, location: 2F
1-2: Ball
2-2: Foul Ball, location: 2F
2-2: Fly out, F2 (Popup, 2LF)
Batting: RHB Jeff Bane 0-0: Ball
1-0: Ball
2-0: Called Strike
2-1: Foul Ball, location: 2F
2-2: Ground out 3-1 (Groundball, 34S)
Carlos Reyes scores
Gary Thomas to third
Luis Villa to second
Batting: RHB Maresuke Yoshida 0-0: Ball
1-0: SINGLE (Groundball, 23) (infield hit)
Gary Thomas scores
Luis Villa to third
Batting: RHB Liangde Que 0-0: Called Strike
0-1: Ball
1-1: Ball
2-1: Ball
3-1: Ground out 6-3 (Groundball, 56)
Bottom of the 6th over - 2 run(s), 2 hit(s), 0 error(s), 2 left on base; Penquannock 4 - Rio Grande 11
TOP OF THE 7TH
Penquannock Overrated Jeter batting - Pitching for Rio Grande Rattlesnake : RHP Chris Carpenter
Batting: RHB Armando Pagán 0-0: Swinging Strike
0-1: Ball
1-1: Called Strike
1-2: Strikes out looking
Batting: LHB Bill McJannett 0-0: Foul Ball, location: 2F
0-1: Ball
1-1: Ball
2-1: SINGLE (Groundball, 5D)
Pitching: RHP Albert Gonzáles
Batting: LHB Todd Barnes 0-0: Swinging Strike
0-1: Ball
1-1: Foul Ball, location: 2F
1-2: Ball
2-2: Strikes out looking
Batting: RHB Earl Conrad 0-0: Foul Ball, location: 2F
0-1: Ball
1-1: SINGLE (Groundball, 5L)
Bill McJannett to second
Batting: RHB Ignacio Flores 0-0: SINGLE (Line Drive, 78S)
Bill McJannett to third
Earl Conrad to second
Runner from 3rd tries for Home, SAFE, no throw or cutoff
Batting: RHB Tim Hanson 0-0: Called Strike
0-1: Ball
1-1: Ground out 5-3 (Groundball, 5S)
Top of the 7th over - 1 run(s), 3 hit(s), 0 error(s), 2 left on base; Penquannock 5 - Rio Grande 11
BOTTOM OF THE 7TH
Rio Grande Rattlesnake batting - Pitching for Penquannock Overrated Jeter : RHP Santiago González
Batting: RHB Juan López 0-0: Ball
1-0: Called Strike
1-1: Called Strike
1-2: Strikes out swinging
Batting: RHB Luis Sánchez 0-0: Called Strike
0-1: Swinging Strike
0-2: Strikes out swinging
Batting: SHB Carlos Reyes 0-0: Ball
1-0: Foul Ball, location: 2F
1-1: Foul Ball, location: 2F
1-2: Foul Ball, location: 2F
1-2: Strikes out swinging
Bottom of the 7th over - 0 run(s), 0 hit(s), 0 error(s), 0 left on base; Penquannock 5 - Rio Grande 11
TOP OF THE 8TH
Penquannock Overrated Jeter batting - Pitching for Rio Grande Rattlesnake : RHP Tom Hudson
Pitching: RHP Tom Hudson
Now at C: Oliver Acevedo
Batting: SHB Francisco Ávila 0-0: Ball
1-0: Ball
2-0: Foul Ball, location: 2F
2-1: Foul Ball, location: 2F
2-2: Ground out 1-3 (Groundball, 13S)
Batting: LHB Tony Green 0-0: Ball
1-0: Swinging Strike
1-1: Foul Ball, location: 2F
1-2: Ball
2-2: Strikes out swinging
Batting: RHB Arturo Rodríguez 0-0: Called Strike
0-1: Ground out 5-3 (Groundball, 56)
Top of the 8th over - 0 run(s), 0 hit(s), 0 error(s), 0 left on base; Penquannock 5 - Rio Grande 11
BOTTOM OF THE 8TH
Rio Grande Rattlesnake batting - Pitching for Penquannock Overrated Jeter : RHP Santiago González
Batting: RHB Gary Thomas 0-0: Ball
1-0: Ball
2-0: Ground out 5-3 (Groundball, 56)
Batting: LHB Luis Villa 0-0: Called Strike
0-1: Ball
1-1: Ball
2-1: SINGLE (Groundball, 4M)
Batting: RHB Luis Ibarra 0-0: Called Strike
0-1: Ball
1-1: Foul Ball, location: 2F
1-2: Ball
2-2: Grounds into double play, 4-6-3 (Groundball, 4)
Bottom of the 8th over - 0 run(s), 1 hit(s), 0 error(s), 0 left on base; Penquannock 5 - Rio Grande 11
TOP OF THE 9TH
Penquannock Overrated Jeter batting - Pitching for Rio Grande Rattlesnake : RHP Tom Hudson
Batting: RHB Armando Pagán 0-0: Called Strike
0-1: Swinging Strike
0-2: Ball
1-2: Strikes out looking
Batting: LHB Bill McJannett 0-0: Swinging Strike
0-1: Called Strike
0-2: Fly out, F7 (Line Drive, 78S)
Batting: LHB Todd Barnes 0-0: Swinging Strike
0-1: Ball
1-1: SINGLE (Groundball, 34D)
Batting: RHB Earl Conrad 0-0: Fly out, F1 (Popup, 13S)
Top of the 9th over - 0 run(s), 1 hit(s), 0 error(s), 1 left on base; Penquannock 5 - Rio Grande 11
This league is powered by Out of the Park Baseball, the baseball management simulation game for PC, Mac and Linux
Tuesday, August 2nd, 2016 - OOTP Baseball 16.8 Build 38